Map: [ESL] Cosmic Sapphire

Players

Astrea

  • Race: Protoss Protoss
  • League: Master
  • Spawn Location: 5:00

ShoWTimE - Winner!

  • Race: Protoss Protoss
  • Spawn Location: 11:00

Event: HomeStory Cup XXII

VOD

Have the link to the VOD?

Description

Time

  • Played on: Dec. 17, 2022, 5:54 a.m.
  • Length: 11:07

All games in this series

Show
View Real Time Build Order
Export as new Build Order

Astrea Protoss 

Build Orders:  

Get SALT Encoding   

  12  0:00  Probe  
  13  0:12  Probe  
  14  0:17  Pylon  
  14  0:24  Probe (Chrono Boost)  
  16  0:36  Gateway, Probe (Chrono Boost)  
  16  0:43  Probe (Chrono Boost)  
  16  0:45  Assimilator  
  17  0:51  Probe  
  17  0:53  Assimilator  
  18  1:03  Probe (Chrono Boost)  
  19  1:06  Gateway  
  20  1:12  Probe (Chrono Boost)  
  20  1:17  Probe (Chrono Boost)  
  20  1:23  Cybernetics Core  
  21  1:29  Probe  
  22  1:33  Pylon  
  22  1:39  Pylon  
  22  1:42  Probe  
  23  1:56  Warp Gate (Chrono Boost)  
  23  1:59  Stalker  
  25  2:02  Stalker  
  25  2:06  Probe  
  28  2:13  Pylon  
  28  2:26  Gateway  
  28  2:30  Stalker  
  30  2:38  Stalker  
  31  3:04  Shield Battery  
  33  3:07  Stalker (Chrono Boost)  
  33  3:10  Stalker (Chrono Boost)  
  35  3:38  Stalker  
  35  3:39  Stalker  
  35  3:41  Stalker  
  41  3:52  Pylon  
  37  4:06  Stalker x3  
  39  4:30  Sentry, Stalker x2  
  45  4:41  Nexus  
  45  4:53  Sentry, Stalker  
  45  4:56  Sentry  
  51  5:02  Pylon  
  51  5:20  Stalker x2  
  49  5:26  Probe (Chrono Boost)  
  50  5:28  Stalker  
  52  5:38  Probe (Chrono Boost)  
  51  5:46  Sentry, Probe (Chrono Boost)  
  52  5:52  Zealot  
  52  5:54  Probe (Chrono Boost)  
  56  5:57  Probe (Chrono Boost)  
  56  6:02  Zealot  
  56  6:03  Probe (Chrono Boost)  
  51  6:06  Probe (Chrono Boost)  
  51  6:11  Probe (Chrono Boost)  
  49  6:13  Sentry  
  49  6:17  Probe (Chrono Boost)  
  52  6:19  Sentry  
  52  6:23  Zealot  
  52  6:24  Probe x2 (Chrono Boost)  
  58  6:32  Probe (Chrono Boost)  
  56  6:33  Probe (Chrono Boost)  
  56  6:37  Stalker  
  56  6:47  Probe (Chrono Boost)  
  56  6:48  Probe (Chrono Boost)  
  56  6:52  Probe (Chrono Boost), Assimilator  
  56  6:53  Shield Battery  
  55  6:55  Probe, Assimilator  
  55  6:59  Adept x2  
  60  7:03  Probe  
  60  7:07  Probe  
  62  7:15  Probe  
  63  7:24  Adept x2  
  63  7:25  Probe  
  63  7:27  Stargate  
  63  7:29  Robotics Facility  
  66  7:32  Shield Battery  
  66  7:38  Pylon  
  66  7:47  Stalker x2  
  66  7:48  Probe  
  66  7:51  Probe  
  61  8:00  Probe  
  61  8:03  Probe  
  55  8:11  Phoenix (Chrono Boost)  
  55  8:12  Probe  
  56  8:19  Probe  
  58  8:20  Observer  
  58  8:24  Probe  
  59  8:28  Phoenix (Chrono Boost)  
  59  8:31  Probe  
  61  8:46  Phoenix (Chrono Boost)  
  61  8:47  Immortal (Chrono Boost)  
  62  8:55  Probe  
  68  9:12  Robotics Bay  
  68  9:16  Immortal (Chrono Boost)  
  70  9:24  Oracle  
  70  9:27  Nexus  
  70  9:30  Probe x2  
  75  9:39  Pylon  
  75  9:45  Probe x2  
  77  9:58  Disruptor (Chrono Boost), Shield Battery, Probe  
  81  10:06  Zealot x2  
  84  10:08  Phoenix  
  86  10:21  Probe x2  
  78  10:33  Phoenix, Probe x2  
  85  10:39  Zealot x2  
  82  10:42  Probe  
  82  10:45  Probe  
  82  10:47  Probe  
Show
View Real Time Build Order
Export as new Build Order

ShoWTimE Protoss - Winner!

Build Orders: Phoenix Opening 

Get SALT Encoding   

  12  0:00  Probe  
  13  0:12  Probe  
  14  0:17  Pylon  
  14  0:24  Probe (Chrono Boost)  
  15  0:36  Gateway, Probe (Chrono Boost)  
  16  0:44  Probe (Chrono Boost)  
  16  0:46  Assimilator  
  17  0:50  Probe  
  18  1:03  Probe (Chrono Boost)  
  19  1:04  Assimilator  
  19  1:09  Gateway  
  19  1:14  Probe (Chrono Boost)  
  20  1:18  Probe (Chrono Boost)  
  20  1:24  Cybernetics Core  
  21  1:29  Probe  
  22  1:35  Pylon  
  22  1:41  Probe  
  23  1:53  Probe  
  24  2:00  Sentry, Stalker  
  28  2:02  Warp Gate (Chrono Boost)  
  28  2:11  Pylon  
  28  2:26  Pylon  
  28  2:27  Stalker  
  30  2:30  Stalker  
  30  2:34  Phoenix  
  32  2:50  Nexus  
  32  2:54  Probe  
  32  2:58  Sentry  
  35  3:00  Sentry  
  37  3:06  Probe  
  37  3:09  Pylon  
  38  3:18  Probe  
  39  3:22  Twilight Council  
  39  3:29  Robotics Facility  
  40  3:42  Sentry  
  40  3:44  Shield Battery, Zealot  
  40  3:46  Shield Battery  
  41  4:08  Stalker x2  
  41  4:20  Immortal (Chrono Boost)  
  42  4:31  Stalker  
  42  4:33  Zealot  
  46  4:40  Probe x2  
  48  4:53  Immortal (Chrono Boost)  
  52  5:00  Probe x2  
  54  5:10  Sentry  
  54  5:11  Zealot  
  54  5:13  Probe  
  54  5:25  Warp Prism (Chrono Boost)  
  56  5:35  Adept x2  
  59  5:48  Pylon  
  59  5:52  Probe x2  
  59  5:54  Observer (Chrono Boost)  
  56  6:05  Probe  
  56  6:09  Stalker  
  53  6:12  Immortal (Chrono Boost)  
  53  6:13  Stalker  
  53  6:15  Probe  
  60  6:23  Probe, Pylon  
  61  6:28  Probe  
  62  6:35  Probe  
  62  6:37  Adept x2  
  67  6:40  Probe  
  68  6:48  Probe  
  68  6:52  Probe  
  70  6:55  Twilight Council  
  70  7:00  Probe, Stalker x2  
  75  7:04  Probe  
  76  7:12  Probe  
  77  7:16  Probe  
  77  7:18  Pylon  
  77  7:19  Pylon  
  76  7:24  Probe  
  76  7:25  Observer  
  76  7:28  Gateway  
  78  7:31  Gateway  
  78  7:36  Adept x2, Probe x2  
  84  7:41  Shield Battery  
  82  7:48  Probe x2  
  73  7:59  Blink (Chrono Boost)  
  73  8:00  Probe x2  
  65  8:08  Stalker x2  
  65  8:12  Probe x2  
  69  8:14  Assimilator  
  69  8:16  Assimilator  
  69  8:18  Forge  
  69  8:24  Probe x2  
  71  8:29  Pylon  
  71  8:30  Pylon  
  71  8:32  Stalker x2  
  75  8:41  Protoss Ground Weapons Level 1 (Chrono Boost), Nexus  
  75  8:44  Pylon  
  75  8:46  Probe x2  
  75  8:47  Stalker x2  
  80  8:52  Shield Battery  
  80  8:58  Probe x2  
  82  9:03  Gateway  
  82  9:12  Gateway  
  82  9:14  Sentry, Stalker  
  82  9:15  Stalker  
  88  9:17  Probe  
  88  9:21  Stalker  
  91  9:30  Observer, Probe x2  
  94  9:33  Photon Cannon  
  94  9:39  Photon Cannon  
  94  9:43  Stalker  
  96  9:48  Stalker  
  98  9:54  Probe x3  
  101  10:02  Stalker x2  
  101  10:06  Stalker, Assimilator  
  107  10:10  Stalker  
  97  10:29  Stalker  
  97  10:30  Stalker x4  
  97  10:31  Probe x3  
  100  10:44  Stalker  
  94  10:54  Stalker x2  
Tags
 
Add a new tag
Caveats
  • Supply blocks, unpowered buildings, or Contaminate may cause inaccurate times.
  • Supply counts are checked every 10 seconds.